 Dungeon Crawl Stone Soup version 0.21-a0-274-gc1afaeb (webtiles) character file.

32 vishdafish the Skirmisher (level 3, 26/29 HPs)
             Began as a Demonspawn Fighter on Sept 18, 2017.
             Quit the game on level 1 of the Dungeon.
             The game lasted 00:00:50 (568 turns).

vishdafish the Skirmisher (Demonspawn Fighter)       Turns: 568, Time: 00:00:51

Health: 26/29      AC:  6    Str: 17    XL:     3   Next: 10%
Magic:  3/3        EV:  7    Int:  9    God:
Gold:   39         SH:  9    Dex: 12    Spells: 2/2 levels left

rFire    + . .     SeeInvis .   a - +0 war axe
rCold    . . .     Gourm    .   c - +0 shield
rNeg     . . .     Faith    .   b - +0 scale mail
rPois    .         Spirit   .   (helmet restricted)
rElec    .         Reflect  .   (no cloak)
rCorr    .         Harm     .   (no gloves)
MR       .....                  (no boots)
Stlth    ..........             (no amulet)
HPRegen  0.09/turn              (no ring)
MPRegen  0.08/turn              (no ring)

@: no status effects
A: antennae 1, fire resistance 1
a: no special abilities


You were on level 1 of the Dungeon.
You were not hungry.

You visited 1 branch of the dungeon, and saw 1 of its levels.

You collected 39 gold pieces.

Inventory:

Hand Weapons
 a - a +0 war axe (weapon)
Missiles
 k - 3 tomahawks (quivered)
Armour
 b - a +0 scale mail (worn)
 c - a +0 shield (worn)
Scrolls
 i - 2 scrolls of immolation {unknown}
 j - a scroll of magic mapping {unknown}
 m - a scroll of identify {unknown}
Potions
 d - a potion of might
 e - a potion of curing {unknown}
 h - a potion of cancellation {unknown}
 l - a potion of berserk rage {unknown}
 n - a potion of magic {unknown}
Comestibles
 f - a bread ration
 g - a meat ration
 o - a royal jelly


   Skills:
 + Level 3.4 Fighting
 * Level 2.1 Axes
 + Level 3.0 Armour
 + Level 0.0 Dodging
 + Level 3.0 Shields


You had 2 spell levels left.
You didn't know any spells.

Dungeon Overview and Level Annotations

Branches:
Dungeon (1/15)

Altars:


Innate Abilities, Weirdness & Mutations

You have a pair of small antennae on your head.
Your flesh is heat resistant. (rF+)


Message History

The ooze hits you but does no damage.
You slash the ooze!
You kill the ooze!
You have reached level 3!
Your experience leads to an increase in your attributes!
Increase (S)trength, (I)ntelligence, or (D)exterity?
You feel stronger.
You feel monstrous as your demonic heritage exerts itself.
Your demonic ancestry asserts itself...
A pair of antennae grows on your head! The goblin hits you but does no damage.
You slash the goblin!
You kill the goblin!
No target in view!
No target in view!
No target in view!
No target in view!
No target in view!
No target in view!
Are you sure you want to abandon this character and quit the game? (Confirm with "yes".)

........#
###....≈≈≈≈≈≈≈≈≈.
........#
###############
........# ######
........# .....#
........# .....###
........# ##..# ...#
........# #...#...
#####.########.###.#
## #.#>........@..#
.. #.#.########.###
. #.#.# #.†...#
#.#.### ###.###
#####.#.#.. ...
#.....#.#.# #.#
#.#####.#.# ...
#.#####.#.# .## #.
#.....(.#.# . #.


There were no monsters in sight!

Vanquished Creatures
  A gnoll (D:1)
  An ooze (D:1)
  A leopard gecko (D:1)
  A giant cockroach (D:1)
  4 hobgoblins (D:1)
  A frilled lizard (D:1)
  5 goblins (D:1)
  4 rats (D:1)
18 creatures vanquished.

Notes
Turn   | Place    | Note
-------+----------+-------------------------------------------
     0 | D:1      | vishdafish the Demonspawn Fighter began the quest for the Orb.
     0 | D:1      | Reached XP level 1. HP: 18/18 MP: 1/1
   222 | D:1      | Gained mutation: Your flesh is heat resistant. (rF+) [demonic ancestry]
   222 | D:1      | Reached XP level 2. HP: 24/24 MP: 2/2
   565 | D:1      | Gained mutation: You have a pair of small antennae on your head. [demonic ancestry]
   565 | D:1      | Reached XP level 3. HP: 26/29 MP: 3/3
   568 | D:1      | Quit the game

Vault maps used:
D:1:      nzn_arrival_depleted_hourglass, hangedman_abyss_or_decor_stabs

Skill      XL: |  1  2 |
---------------+-------+-----
Axes           | 2 |  2.1
Shields        | 3 |  3.0
Armour         | 3 |  3.0
Fighting       | |  3.4

Action                   || total
-------------------------++-------
Melee: War axe           ||    51
Armor: Scale mail        ||    19
Dodge: Dodged            ||    18
Block: Shield            ||    26

Table legend:
 A = Spawn XP
 B = Non-spawn XP
 C = Spawn XP percentage of total XP
 D = Spawn monster count
 E = Non-spawn monster count
 F = Spawn count percentage of total count
 G = Total turns spent on level
                    A         B        C        D         E        F      G
               +---------+---------+-------+---------+---------+-------+---------
         Total |       0 |      47 |   0.0 |       0 |      18 |   0.0 |   568
               +---------+---------+-------+---------+---------+-------+---------
           D:1 |       0 |      47 |   0.0 |       0 |      18 |   0.0 |   568
               +---------+---------+-------+---------+---------+-------+---------
